AoeStats
← Jazzmushroom

Runestones

507129012Analyzed
1v1 RM · 15d ago on Sep 16, 2026· 46m 32s· 2 players
Game mode
Random Map
Map size
Tiny (2 player)
Population
200
Speed
Normal
Resources
Standard
Victory
Conquest
Starting age
Dark Age
Ending age
Imperial Age
RankedLock teamsTeams togetherTeam positionsShared explorationLock speedFull tech treeHidden civsTurbo modeCheats
Victory
Defeat
🇺🇸 Britons · United States
1429
+16
🇫🇷 Inca · France
1422
-16
Coach Coachella
5:13 Loom
10:40 Feudal Age
13:01 Champi Runner
14:21 Double-Bit Axe
22:50 Castle Age
23:11 Horse Collar
23:54 Champi Warrior
26:21 Squires
27:11 Scale Mail Armor
32:28 Imperial Age
30:51 Bow Saw
32:14 Fletching
32:40 Chain Mail Armor
33:42 Heavy Plow
33:37 Gold Mining
34:53 Arson
35:39 Plate Mail Armor
35:21 Forging
37:39 Wheelbarrow
36:50 Town Watch
39:28 Elite Champi Warrior
43:24 Iron Casting
44:11 Masonry
45:24 Bodkin Arrow
45:29 Padded Archer Armor
46:36 Blast Furnace
Jazzmushroom
8:03 Loom
9:48 Feudal Age
10:57 Double-Bit Axe
17:31 Fletching
20:16 Town Watch
23:38 Castle Age
21:46 Stone Mining
22:29 Gold Mining
24:27 Crossbowman
25:09 Bodkin Arrow
25:32 Padded Archer Armor
29:07 Leather Archer Armor
29:45 Gold Shaft Mining
30:07 Bow Saw
31:15 Wheelbarrow
31:37 Horse Collar
37:30 Imperial Age
39:52 Bracer
43:07 Arbalester
45:18 Chemistry
44:43 Ballistics
Connection lost

Rejoining the realm…

Still unreachable

The connection could not be restored.

Session expired

The server has moved on; the page needs a fresh start.